 Dungeon Crawl Stone Soup version 0.16.1 (webtiles) character file.

4407 Fiveotanaka the Basher (level 10, -7/74 HPs)
             Began as a Minotaur Assassin on Mar 24, 2015.
             Was an Initiate of Ru.
             Killed by the air
             ... invoked by Gastronok
              (28 damage)
             ... on level 9 of the Dungeon.
             The game lasted 00:20:30 (8531 turns).

Fiveotanaka the Basher (Minotaur Assassin)          Turns: 8531, Time: 00:20:30

Health: -7/74      AC: 19    Str: 19    XL:     10   Next: 14%
Magic:  4/4        EV: 10    Int:  8    God:    Ru [......]
Gold:   487        SH:  0    Dex: 15    Spells: 0 memorised, 9 levels left

rFire  + . .     SeeInvis .     C - +0 morningstar
rCold  . . .     Clarity  .     M - +1 chain mail {rF+}
rNeg   . . .     SustAb   +     (no shield)
rPois  .         Gourm    +     R - +2 hat
rElec  .         Spirit   .     d - +0 cloak
rCorr  .         Warding  .     O - +1 pair of gloves {Str+3}
rMut   .         Stasis   .     z - +1 pair of boots {run}
MR     .....                    y - amulet of the gourmand
Stlth  ..........               N - ring of sustain abilities
                                B - ring of stealth

@: slowed, very slow, not resistant to hostile enchantments, extremely
unstealthy
A: retaliatory headbutt, horns 2
a: Renounce Religion


You were on level 9 of the Dungeon.
You worshipped Ru.
Ru was noncommittal.
You were completely stuffed.

You visited 2 branches of the dungeon, and saw 10 of its levels.

You collected 487 gold pieces.

Inventory:

Hand weapons
 b - a +0 blowgun
 t - a +0 flail
 C - a +0 morningstar (weapon)
Missiles
 e - 31 poisoned needles
 f - 6 curare-tipped needles
 j - 8 needles of paralysis
 v - a throwing net (quivered)
Armour
 d - a +0 cloak (worn)
 z - a +1 pair of boots of running (worn)
 M - a +1 chain mail of fire resistance (worn)
 O - a +1 pair of gloves of strength (worn)
 R - a +2 hat (worn)
Jewellery
 y - an amulet of the gourmand (around neck)
 B - a ring of stealth (left hand)
 N - a ring of sustain abilities (right hand)
 Q - an uncursed amulet of resist corrosion
Magical devices
 E - a wand of slowing (25)
 F - a wand of magic darts (20)
 S - a wand of magic darts (17)
Scrolls
 a - a scroll of fear {unknown}
 m - a scroll of recharging {unknown}
 o - a scroll of blinking {unknown}
 r - 3 scrolls of identify
 u - 5 scrolls of remove curse
 w - a scroll of teleportation {unknown}
 x - 2 scrolls of amnesia {unknown}
 D - a scroll of noise {unknown}
 H - 2 scrolls of magic mapping
 T - a scroll of enchant armour {unknown}
Potions
 h - a potion of beneficial mutation {unknown}
 i - a potion of magic {unknown}
 k - 3 potions of agility
 l - a potion of cure mutation {unknown}
 p - 2 potions of haste
 q - 3 potions of might
 s - 2 potions of brilliance {unknown}
 G - 2 potions of ambrosia {unknown}
 I - 2 potions of invisibility
 J - 3 potions of restore abilities {unknown}
 K - a potion of curing
 L - a potion of poison {unknown}
 P - 3 potions of heal wounds {unknown}
 Y - a potion of resistance {unknown}
Books
 A - a book of Minor Magic

   Spells                             Type                      Level
   a - Magic Dart                     Conjuration                  1
   b - Blink                          Translocation                2
   c - Call Imp                       Summoning                    2
   d - Repel Missiles                 Charms/Air                   2
   e - Slow                           Hexes                        2
   f - Conjure Flame                  Conjuration/Fire             3
   g - Mephitic Cloud                 Conjuration/Poison/Air       3
 X - a book of the Warp

   Spells                             Type                      Level
   a - Recall                         Summoning/Translocation      3
   b - Control Teleport               Charms/Translocation         4
   c - Force Lance                    Conjuration/Translocation    4
   d - Phase Shift                    Translocation                5
   e - Warp Weapon                    Charms/Translocation         5
   f - Gell's Gravitas                Hexes/Translocation          5
   g - Summon Forest                  Summoning/Translocation      5
Comestibles
 c - 9 fruits
 g - 7 bread rations
 n - 5 meat rations
 U - 2 beef jerkies
 V - 7 slices of pizza
 W - 7 chunks of flesh


   Skills:
 - Level 2.4 Fighting
   Level 2.1 Short Blades
 * Level 14.0 Maces & Flails
 - Level 2.0 Throwing
 + Level 6.8 Armour
 + Level 6.3 Dodging
 - Level 3.2 Stealth


You had 9 spell levels left.
You didn't know any spells.

Dungeon Overview and Level Annotations

Branches:
Dungeon (9/15)             Temple (1/1) D:7
   Lair: D:8-11         Orc: D:9-12

Altars:
Cheibriados
Gozag
Kikubaaqudgha
Nemelex Xobeh
Okawaru
Qazlal
Ru
Sif Muna
Xom
Zin
The Shining One

Shops:
D:4 %   D:6 (

Annotations:
D:9 Gastronok


Innate Abilities, Weirdness & Mutations

You reflexively headbutt those who attack you in melee.
You have a pair of horns on your head.


Message History

Gastronok bites you.
You hit Gastronok. You headbutt Gastronok!
Gastronok is heavily wounded.
You hit Gastronok but do no damage. You headbutt Gastronok.
Gastronok is heavily wounded.
You hit Gastronok! You headbutt Gastronok!
Gastronok is severely wounded.
You hit Gastronok.
Gastronok is severely wounded.
Gastronok waves his eye-stalks in wide circles.
The air twists around and strikes you!
* * * LOW HITPOINT WARNING * * *
Drink which item? (? for menu, Esc to quit)
You feel better.
You hit Gastronok.
Gastronok is severely wounded.
Gastronok gurgles, "Are you a wizard?
Wizards taste nice..."
Gastronok waves his eye-stalks in wide circles.
The air twists around and strikes you!
You die...

.........##...
#########......#...
#.......#......#รท..
##.......#......#...
#........#......##'#
#........###........
#..........#........
#..........####.....
#.w@..........#...##
#.............#...#
#.............#...#
#.............'.###
#.....$.......#.#
+.............#.#
#####.........#.#
####......#.#
########.#


You could see Gastronok.

Vanquished Creatures
  Pikel (D:6)
  Grinder (D:6)
  A two-headed ogre (D:8)
  A hog (D:7)
  A human (D:7)
  Grum (D:9)
  2 wolves (D:9)
  Edmund (D:4)
  3 sky beasts
  A black bear (D:9)
  An ice beast (D:7)
  A centaur (D:8)
  2 orc warriors
  A phantom (D:4)
  A slave (D:6)
  Sigmund (D:4)
  Duvessa (D:4)
  3 giant frogs
  2 scorpions
  6 killer bees (D:8)
  Dowan (D:4)
  2 centaur zombies
  4 hounds
  Crazy Yiuf (D:4)
  2 giant frog zombies
  An orc priest (D:7)
  3 giant frog skeletons
  7 worker ants
  3 sheep (D:7)
  2 iguanas
  9 orc wizards
  Terence (D:2)
  Robin (D:4)
  15 gnolls
  5 adders
  A giant mite (D:6)
  2 worms
  A shadow imp (D:5)
  A giant gecko (D:1)
  3 oozes
  20 orcs
  3 ball pythons
  16 bats
  A bat skeleton (D:7)
  2 bat zombies
  6 giant cockroaches
  18 goblins
  19 hobgoblins
  6 jackals
  A giant gecko skeleton (D:5)
  2 giant gecko zombies
  5 giant newts
  14 kobolds
  A quokka skeleton (D:6)
  11 rats
222 creatures vanquished.

Vanquished Creatures (others)
  A slave (D:8)
  A crimson imp (D:6)
  An adder (D:8)
  A giant gecko (D:6)
  2 bats
  A kobold (D:8)
7 creatures vanquished.

Grand Total: 229 creatures vanquished

Notes
Turn   | Place    | Note
--------------------------------------------------------------
     0 | D:1      | Fiveotanaka, the Minotaur Assassin, began the quest for the Orb.
     0 | D:1      | Reached XP level 1. HP: 18/18 MP: 1/1
   234 | D:1      | Reached skill level 1 in Maces & Flails
   336 | D:1      | Reached XP level 2. HP: 25/25 MP: 1/1
  1091 | D:2      | Reached XP level 3. HP: 27/30 MP: 2/2
  1100 | D:2      | Noticed Terence
  1122 | D:2      | Killed Terence
  1282 | D:2      | Found a deep blue altar of Sif Muna.
  1500 | D:2      | Reached skill level 4 in Maces & Flails
  1619 | D:2      | Reached XP level 4. HP: 34/37 MP: 2/2
  1789 | D:2      | Found a shimmering altar of Xom.
  2184 | D:3      | Reached skill level 5 in Maces & Flails
  2239 | D:3      | Identified a +1 pair of boots of running (You found it on level 3 of the Dungeon)
  2520 | D:3      | Reached XP level 5. HP: 38/42 MP: 2/2
  2711 | D:3      | Found an ancient bone altar of Kikubaaqudgha.
  2719 | D:3      | Found a stormy altar of Qazlal.
  2821 | D:4      | Noticed a phantom
  2841 | D:4      | Killed a phantom
  2841 | D:4      | Reached skill level 6 in Maces & Flails
  2845 | D:4      | Got a steaming ring mail
  2881 | D:4      | Noticed Edmund
  2895 | D:3      | Identified the +3 ring mail of the Prince {-Tele SInv Stlth+} (You found it on level 4 of the Dungeon)
  2955 | D:4      | Noticed Crazy Yiuf
  2966 | D:4      | Killed Crazy Yiuf
  2966 | D:4      | Reached skill level 7 in Maces & Flails
  3209 | D:4      | Noticed Duvessa
  3209 | D:4      | Noticed Dowan
  3214 | D:4      | Killed Duvessa
  3214 | D:4      | Reached XP level 6. HP: 39/50 MP: 3/3
  3454 | D:4      | Killed Dowan
  3462 | D:4      | Reached skill level 8 in Maces & Flails
  3631 | D:4      | Found an opulent altar of Gozag.
  3632 | D:4      | Noticed Sigmund
  3662 | D:5      | Entered Level 5 of the Dungeon
  3989 | D:5      | Reached XP level 7. HP: 31/56 MP: 3/3
  4138 | D:5      | Reached skill level 9 in Maces & Flails
  4502 | D:5      | Found a snail-covered altar of Cheibriados.
  4527 | D:5      | Reached skill level 10 in Maces & Flails
  4577 | D:4      | Found Iseamp's Food Boutique.
  4585 | D:4      | Killed Edmund
  4729 | D:4      | Noticed Robin
  4737 | D:4      | Killed Robin
  4756 | D:4      | Reached XP level 8. HP: 54/62 MP: 3/3
  5050 | D:4      | Killed Sigmund
  5050 | D:4      | Reached skill level 11 in Maces & Flails
  5356 | D:6      | Noticed Pikel
  5392 | D:6      | Killed Pikel
  5644 | D:6      | Found Creyske's Weapon Boutique.
  5702 | D:6      | Noticed Grinder
  5724 | D:6      | Killed Grinder
  5724 | D:6      | Reached skill level 12 in Maces & Flails
  6163 | D:7      | Found a staircase to the Ecumenical Temple.
  6169 | Temple   | Entered the Ecumenical Temple
  6178 | Temple   | Became a worshipper of Ru the Awakened
  6322 | D:7      | Reached XP level 9. HP: 57/68 MP: 4/4
  6775 | D:7      | Reached skill level 5 in Armour
  6989 | D:8      | Reached skill level 5 in Dodging
  6998 | D:8      | Reached skill level 13 in Maces & Flails
  7772 | D:8      | Found a glowing golden altar of the Shining One.
  8051 | D:8      | Found an ancient bone altar of Kikubaaqudgha.
  8302 | D:9      | Reached XP level 10. HP: 67/74 MP: 4/4
  8308 | D:9      | Noticed Grum
  8335 | D:9      | Killed Grum
  8481 | D:9      | Reached skill level 14 in Maces & Flails
  8513 | D:9      | Noticed Gastronok
  8531 | D:9      | Killed from afar by Gastronok

Action                   |  1- 3 |  4- 6 |  7- 9 | 10-12 || total
-------------------------+-------+-------+-------+-------++-------
Melee: Club              |     9 |       |       |       ||     9
       Dagger            |     8 |       |       |       ||     8
       Whip              |    60 |       |       |       ||    60
       Flail             |    32 |    62 |       |       ||    94
       Morningstar       |       |    97 |   418 |    40 ||   555
Invok: Reject Sacrifices |       |       |     1 |       ||     1
  Use: Scroll            |       |     2 |     6 |       ||     8
       Potion            |       |       |       |     1 ||     1
 Stab: Sleeping          |       |     5 |     5 |       ||    10
  Eat: Chunk             |     3 |     7 |    22 |     1 ||    33
